 Dungeon Crawl Stone Soup version 0.30-a0-187-gd9c2deaf24 (webtiles) character file.

Game seed: 594767050902137249

4603 scionoferis the Slicer (level 10, 0/61 HPs)
             Began as a Kobold Brigand on Oct 3, 2022.
             Was a Believer of Uskayaw.
             Slain by Amaemon
             ... wielding a -1 demon whip of venom
              (14 damage)
             ... on level 8 of the Dungeon.
             The game lasted 00:24:16 (8268 turns).

scionoferis the Slicer (Kobold Brigand)             Turns: 8268, Time: 00:24:19

Health: 0/61       AC: 12    Str: 10    XL:     10   Next: 69%
Magic:  7/14       EV: 18    Int: 13    God:    Uskayaw [**....]
Gold:   521        SH:  0    Dex: 25    Spells: 9/9 levels left

rFire   + + .      SeeInvis +    a - +3 short sword of Sloth {holy, rElec SInv Stlth+}
rCold   + . .      Faith    +    (no shield)
rNeg    . . .      Spirit   .    P - +0 swamp dragon scales
rPois   +          Reflect  .    m - +2 helmet
rElec   +          Harm     .    N - scarf {rC+ rF+}
rCorr   .          Rampage  .    y - +0 pair of gloves
Will    .....                    (no boots)
Stlth   ++++++....               k - amulet of faith
HPRegen 0.30/turn                n - ring of protection from fire
MPRegen 0.14/turn                u - +6 ring of dexterity

@: about to teleport
A: small, no large weapons, nightstalker 3
a: Renounce Religion, Stomp, Line Pass


You were on level 8 of the Dungeon.
You worshipped Uskayaw.
Uskayaw was noncommittal.
You visited 2 branches of the dungeon, and saw 9 of its levels.

You collected 521 gold pieces.

Inventory:

Hand Weapons
 a - the +3 short sword of Sloth (weapon) {holy, rElec SInv Stlth+}
   (You found it on level 4 of the Dungeon)

   It has been blessed by the Shining One to cause great damage to the undead
   and demons.
   rElec:     It insulates you from electricity.
   SInv:      It lets you see invisible.
   Stlth:     It makes you more stealthy.
 b - a +2 dagger of electrocution
 h - a +2 dagger
 B - a +0 rapier
 D - a +0 sling
 R - a +2 short sword of draining
Missiles
 d - 23 poisoned darts
 e - 8 curare-tipped darts
 s - 3 datura-tipped darts
 E - 7 boomerangs (quivered)
 K - 2 throwing nets
Armour
 m - a +2 helmet (worn)
 y - a +0 pair of gloves (worn)
 N - a scarf of resistance (worn)
 P - +0 swamp dragon scales (worn)
Jewellery
 f - a ring of flight
 k - an amulet of faith (around neck)
 n - a ring of protection from fire (left hand)
 p - a ring of fire
 u - a +6 ring of dexterity (right hand)
 x - a ring of fire
Wands
 G - a wand of polymorph (11)
 L - a wand of flame (17)
Scrolls
 g - 2 scrolls of enchant armour
 i - a scroll of fear
 j - 2 scrolls of magic mapping
 q - 3 scrolls of teleportation
 A - a scroll of poison
 C - 8 scrolls of blinking
 F - a scroll of immolation
 I - 3 scrolls of vulnerability
 J - a scroll of silence
 O - a scroll of torment
 Q - a scroll of identify
 S - a scroll of noise {unknown}
Potions
 c - a potion of attraction
 l - 2 potions of haste
 o - 3 potions of heal wounds
 r - a potion of resistance
 t - 6 potions of curing
 v - 4 potions of flight
 w - 2 potions of berserk rage
 z - a potion of magic {unknown}
 H - 2 potions of might
 M - 2 potions of degeneration {unknown}


   Skills:
 + Level 6.6 Fighting
 * Level 11.1 Short Blades
 - Level 2.1 Throwing
 + Level 4.7 Armour
 + Level 6.9 Dodging
 + Level 8.9 Stealth
 * Level 5.8 Invocations


You had 9 spell levels left.
You didn't know any spells.
Your spell library contained the following spells:

 Spells                   Type           Power      Damage    Failure   Level
 Ozocubu's Armour         Ice            0%         N/A       91%         3
 Ozocubu's Refrigeration  Ice            0%         4d7       100%        7


Dungeon Overview and Level Annotations

Branches:
Dungeon (8/15)             Temple (1/1) D:5
   Lair: D:8-11

Altars:
Cheibriados
Dithmenos
Elyvilon
Fedhas
Gozag
Hepliaklqana
Kikubaaqudgha
Makhleb
Nemelex Xobeh
Okawaru
Ru
Sif Muna
Trog
Uskayaw
Vehumet
Wu Jian
Xom
Yredelemnul
Zin
The Shining One

Annotations:
D:8 Amaemon


Innate Abilities, Weirdness & Mutations

You are small and have problems with some larger weapons.
You are completely attuned to the shadows.


Message History

You can now pass through a line of other dancers.
Aiming: Line Pass
Press: ? - help, Dir - move target Amaemon appears confused.
You can no longer pass through a line of other dancers.
The scorpion seems to regain its courage.
The scorpion closely misses you.
Amaemon hits the orange demon with a -1 demon whip of venom!
The orange demon is poisoned.
Amaemon barely misses the orange demon.
Amaemon tail-slaps the orange demon!
The orange demon looks as sick as possible!
Amaemon poisons the orange demon!
The orange demon stings you from afar.
You hit Amaemon.
Amaemon convulses.
Amaemon is moderately wounded.
Amaemon seems less confused.
You puncture Amaemon!
Amaemon convulses!
Amaemon is severely wounded.
The scorpion barely misses you.
Amaemon mumbles some strange words.
The orange demon stings you but does no damage.
You barely miss Amaemon.
Amaemon is severely wounded.
The scorpion closely misses you.
You hit Amaemon.
Amaemon convulses.
Amaemon is severely wounded.
The scorpion closely misses you. The orange demon closely misses you.
Amaemon casts a spell at the orange demon.
The orange demon seems to grow toxic.
You hear a shout!
You can now pass through a line of other dancers.
Okay, then.
Unknown command.
Unknown command.
As you read the scroll of teleportation, it crumbles to dust.
You feel strangely unstable. The scorpion closely misses you.
The scorpion completely misses you. The scorpion stings you.
* * * LOW HITPOINT WARNING * * *
An orc priest comes into view. It is wielding a +0 whip.
Amaemon hits you with a -1 demon whip of venom!
You die...

.....####..#
..........#
#...#.#.#.#
..........####
#...#.#.#...=##
#.........$...#
.#.#.#.....##
..o..ss....#
....s@....#
.....6....#
....4.....#
...........#
##.....####
#######


You could see Amaemon, an orange demon (curare, extremely poisoned), 3 scorpions
and an orc priest.

Vanquished Creatures
  The ghost of freelancePsychic the Covert, a novice GnDe of Cheibriados (D:6)
  Maggie (D:7)
  Sigmund (D:4)
  2 wyverns (D:8)
  4 black bears
  3 sky beasts
  7 ice beasts
  3 ogres
  2 centaurs
  A kobold brigand (D:6)
  A scorpion (D:6)
  A gnoll sergeant (D:8)
  4 killer bees (D:8)
  4 howler monkeys
  A crimson imp (D:5)
  3 hounds
  4 jellies
  3 orc priests
  Crazy Yiuf (D:2)
  A gnoll bouda (D:4)
  3 iguanas
  4 orc wizards
  A bullfrog simulacrum (D:6)
  Robin (D:2)
  22 gnolls
  13 adders
  A shadow imp (D:7)
  7 white imps
  3 ufetubi
  4 worms
  3 dart slugs
  28 orcs
  8 ball pythons
  5 bats
  4 endoplasms
  14 goblins
  8 hobgoblins
  9 kobolds
  2 frilled lizards
  3 rats
191 creatures vanquished.

Vanquished Creatures (others)
  5 fungi (D:2)
  21 plants (D:2)
26 creatures vanquished.

Grand Total: 217 creatures vanquished

Notes
Turn   | Place    | Note
-------+----------+-------------------------------------------
     0 | D:1      | scionoferis the Kobold Brigand began the quest for the Orb.
     0 | D:1      | Reached XP level 1. HP: 12/12 MP: 1/1
   275 | D:1      | Reached skill level 3 in Short Blades
   294 | D:1      | Reached XP level 2. HP: 17/17 MP: 2/2
   562 | D:2      | Reached XP level 3. HP: 22/22 MP: 3/3
   618 | D:2      | Reached skill level 1 in Armour
   618 | D:2      | Reached XP level 4. HP: 19/27 MP: 4/4
   680 | D:2      | Reached skill level 4 in Short Blades
   753 | D:2      | Found a faded altar of an unknown god.
   913 | D:2      | Noticed Robin
   945 | D:2      | Killed Robin
  1269 | D:2      | Reached XP level 5. HP: 32/32 MP: 5/5
  1514 | D:2      | Found a runed translucent door.
  1517 | D:2      | Noticed Crazy Yiuf
  1522 | D:2      | Killed Crazy Yiuf
  2089 | D:3      | Found an ornate altar of the Wu Jian Council.
  2182 | D:3      | Noticed an ogre
  2192 | D:3      | Reached XP level 6. HP: 34/37 MP: 6/6
  2204 | D:3      | Killed an ogre
  2205 | D:3      | Reached skill level 5 in Short Blades
  2916 | D:4      | Identified the +3 short sword of Sloth {holy, rElec SInv
                  | Stlth+}
  2981 | D:4      | Reached XP level 7. HP: 35/42 MP: 7/7
  2992 | D:4      | Reached skill level 6 in Short Blades
  3284 | D:4      | Noticed Sigmund
  3287 | D:4      | Killed Sigmund
  3812 | D:4      | Reached skill level 7 in Short Blades
  3911 | D:5      | Entered Level 5 of the Dungeon
  3959 | D:5      | Reached XP level 8. HP: 44/48 MP: 8/8
  4347 | D:5      | Reached skill level 8 in Short Blades
  4532 | D:5      | Found a burning altar of Makhleb.
  4583 | D:5      | Reached skill level 5 in Fighting
  4583 | D:5      | Reached skill level 5 in Dodging
  4825 | D:5      | Found a staircase to the Ecumenical Temple.
  4947 | Temple   | Entered the Ecumenical Temple
  5186 | Temple   | Became a worshipper of Uskayaw the Reveller
  5290 | D:6      | Reached * piety under Uskayaw
  5397 | D:6      | Reached ** piety under Uskayaw
  5401 | D:6      | Reached *** piety under Uskayaw
  5403 | D:6      | Reached skill level 1 in Invocations
  5403 | D:6      | Reached XP level 9. HP: 35/54 MP: 9/9
  5406 | D:6      | Reached **** piety under Uskayaw
  5798 | D:6      | Found a runed translucent gate.
  5799 | D:6      | Found a runed translucent gate.
  5800 | D:6      | Found a runed translucent gate.
  6176 | D:6      | Reached skill level 9 in Short Blades
  6210 | D:6      | Noticed freelancePsychic's ghost (novice GnDe)
  6843 | D:7      | Noticed Maggie
  6851 | D:7      | Killed Maggie
  6856 | D:7      | Reached ***** piety under Uskayaw
  6965 | D:7      | Reached skill level 10 in Short Blades
  6965 | D:7      | Reached XP level 10. HP: 60/60 MP: 13/13
  7571 | D:6      | Killed freelancePsychic's ghost
  7572 | D:6      | Reached skill level 5 in Invocations
  7900 | D:8      | Reached skill level 11 in Short Blades
  8244 | D:8      | Noticed Amaemon
  8245 | D:8      | Noticed an orange demon
  8268 | D:8      | Slain by Amaemon

Illustrated notes

Levels and vault maps discovered:
D:1:      lemuel_arrival_river_ford, layout_basic, minmay_split_cup_small
D:2:      layout_rooms, serial_bayou, serial_bayou_crossing,
          serial_bayou_lake_a, serial_bayou_pond_c, serial_bayou_shore_a,
          serial_bayou_pond_e, dreamdust_ecumenical_altar_hidden_monk_grotto,
          hangedman_decor_opposing, minmay_misc_feat_tiny,
          minmay_shallow_snake_nest, uniq_robin, uniq_crazy_yiuf_cottage
D:3:      layout_basic, nicolae_wu_jian_immortal_techniques,
          minmay_fractal_squares_gapless_5
D:4:      layout_cave_pods, uniq_sigmund
D:5:      wad_crossroads, layout_basic, makhleb_grotto_becter,
          minmay_temple_entry_trees, minmay_misc_feat_doors
D:6:      layout_basic, gammafunk_ghost_icy, grunt_tough_drop
D:7:      layout_basic, uniq_maggie
D:8:      layout_cave_pods, serial_glass, glass_columns_a, glass_columns_b,
          kennysheep_dice, uniq_amaemon
Temple:   regret_index_temple_mists

Skill      XL: |  1  2  3  4  5  6  7  8  9 10 |
---------------+-------------------------------+-----
Short Blades   | 3 4 5 7 8 10 11 | 11.1
Dodging        | 2 3 4 5 6 |  6.9
Armour         | 1 2 3 4 |  4.7
Stealth        | 6 7 8 |  8.9
Fighting       | 3 4 5 6 |  6.6
Invocations    | 1 4 5 |  5.8
Throwing       | |  2.1

Action                   |  1- 3 |  4- 6 |  7- 9 | 10-12 || total
-------------------------+-------+-------+-------+-------++-------
Melee: Dagger            |    29 |   160 |       |    35 ||   224
       Short sword       |       |    34 |   299 |   170 ||   503
       Punch             |       |     1 |     5 |     3 ||     9
Throw: Dart              |       |     3 |     1 |       ||     4
       Boomerang         |       |       |       |     1 ||     1
Invok: Line Pass         |       |       |       |     5 ||     5
  Use: Potion            |     3 |     2 |     1 |     2 ||     8
       Scroll            |       |     4 |     4 |     6 ||    14
 Stab: Sleeping          |     9 |    14 |    35 |     8 ||    66
       Distracted        |       |     1 |       |     1 ||     2
       Paralysed         |       |       |     1 |     8 ||     9
Armor: Scale mail        |     8 |    22 |       |       ||    30
       Ring mail         |       |    30 |    55 |       ||    85
       Swamp dragon scal |       |       |       |    39 ||    39
Dodge: Dodged            |    13 |    79 |   128 |   105 ||   325

Table legend: (Time is in decaauts)
 A = Elapsed time spent in this place.
 B = Non-inter-level travel time spent in this place.
 C = Inter-level travel time spent in this place.
 D = Time resting spent in this place.
 E = Time spent auto-exploring this place.
 F = Levels seen in this place.
 G = Mean time per level.
                   A        B        C        D        E       F      G
               +--------+--------+--------+--------+--------+-----+--------+
         Total |   7990 |   7597 |    393 |    549 |   5395 |   9 |  887.8 |
       Dungeon |   7736 |   7363 |    373 |    549 |   5187 |   8 |  967.0 |
        Temple |    254 |    234 |     20 |      0 |    208 |   1 |  254.0 |
               +--------+--------+--------+--------+--------+-----+--------+

Top non-repeatable levels by time:
     D:6: 1400 daAuts
     D:4: 1180 daAuts
     D:3: 1113 daAuts
     D:2: 1104 daAuts
     D:7: 979 daAuts
     D:5: 909 daAuts
     D:1: 592 daAuts
     D:8: 455 daAuts
  Temple: 254 daAuts
